Map: Newkirk Precinct TE (Void)

Players

Case

  • Race: Zerg Zerg
  • League: Platinum
  • Spawn Location: 5:00

GetShwifty - Winner!

  • Race: Protoss Protoss
  • League: Platinum
  • Spawn Location: 7:00

VOD

Have the link to the VOD?

Description

Time

  • Played on: April 8, 2017, 8:45 a.m.
  • Length: 15:31
Show
View Real Time Build Order
Export as new Build Order

Case Zerg 

Build Orders: Hatch First 

Get SALT Encoding   

  12  0:01  Drone  
  13  0:13  Overlord  
  13  0:18  Drone  
  14  0:31  Drone x2  
  14  0:34  Drone  
  17  0:45  Drone  
  18  0:56  Hatchery  
  17  1:10  Spawning Pool  
  16  1:14  Extractor, Drone  
  16  1:18  Drone  
  17  1:21  Drone  
  18  1:28  Drone  
  19  1:38  Overlord  
  19  1:49  Drone  
  20  1:57  Queen  
  22  2:02  Zergling x2  
  24  2:08  Drone  
  24  2:09  Queen  
  24  2:11  Drone  
  27  2:16  Metabolic Boost  
  27  2:25  Drone x2  
  29  2:30  Drone  
  30  2:37  Drone  
  30  2:41  Overlord  
  31  2:45  Drone  
  31  2:46  Roach Warren  
  31  2:53  Drone  
  31  2:54  Queen  
  34  2:59  Drone  
  34  3:03  Pneumatized Carapace  
  35  3:05  Drone  
  35  3:07  Zergling x2  
  37  3:14  Drone x3  
  40  3:22  Drone x3  
  40  3:24  Extractor  
  40  3:25  Drone x2  
  44  3:34  Overlord x2  
  44  3:46  Spore Crawler  
  44  3:47  Lair  
  43  3:51  Spore Crawler  
  43  3:53  Drone x3  
  43  3:54  Drone  
  43  3:55  Drone  
  47  4:00  Evolution Chamber  
  47  4:01  Evolution Chamber  
  45  4:05  Drone  
  45  4:06  Drone x2  
  45  4:09  Extractor  
  49  4:10  Roach  
  49  4:21  Overlord x3  
  49  4:24  Roach  
  49  4:30  Roach x2  
  55  4:32  Overlord  
  55  4:36  Zerg Missile Weapons Level 1  
  55  4:39  Roach  
  55  4:42  Drone x2  
  59  4:54  Drone  
  59  4:56  Hydralisk Den  
  59  4:58  Drone x3  
  59  4:59  Extractor  
  61  5:13  Roach x3  
  67  5:14  Drone x2  
  69  5:23  Roach x2  
  69  5:24  Roach x2  
  77  5:30  Zergling x2, Roach  
  77  5:32  Ravager x2  
  77  5:35  Roach  
  84  5:37  Overlord  
  84  5:38  Roach x2  
  86  5:56  Overseer  
  84  6:06  Hydralisk x3  
  84  6:07  Hydralisk x2  
  84  6:08  Drone  
  95  6:19  Hydralisk x2  
  95  6:20  Drone  
  100  6:30  Overlord x3  
  100  6:34  Overlord, Hatchery  
  100  6:38  Zerg Missile Weapons Level 2  
  99  6:43  Zerg Ground Armor Level 1  
  99  6:51  Roach x2  
  99  6:52  Roach  
  105  6:54  Drone x5  
  110  7:02  Zergling x6  
  104  7:18  Drone x5  
  91  7:26  Roach  
  91  7:27  Roach  
  89  7:36  Roach x4  
  96  7:42  Overlord  
  96  7:48  Drone x2  
  96  7:49  Drone  
  99  7:58  Infestation Pit  
  99  8:03  Spore Crawler, Drone x3  
  100  8:07  Roach x3  
  106  8:20  Queen x2  
  106  8:21  Queen  
  106  8:22  Hydralisk x7  
  126  8:29  Overseer x2  
  125  8:43  Ravager x3  
  125  8:44  Ravager  
  129  8:50  Muscular Augments  
  124  9:01  Roach x6  
  93  9:17  Roach x7  
  105  9:26  Roach x2  
  109  9:38  Roach x5  
  119  9:41  Zergling x4  
  121  9:53  Zerg Ground Armor Level 2  
  121  9:58  Roach x2  
  121  9:59  Zergling x10  
  130  10:02  Drone, Hatchery  
  130  10:04  Extractor  
  130  10:05  Drone  
  130  10:06  Overlord x2  
  130  10:07  Extractor  
  113  10:29  Roach x9  
  120  10:40  Roach x6  
  123  10:46  Roach  
  95  10:54  Roach x3  
  95  10:56  Queen x3  
  107  10:59  Hydralisk  
  109  11:10  Lurker Den  
  109  11:11  Glial Reconstitution  
  109  11:14  Roach x2  
  113  11:19  Zergling x10  
  113  11:23  Drone x4  
  122  11:33  Hydralisk x4  
  130  11:48  Hydralisk x3  
  130  11:52  Drone x6  
  130  11:53  Drone x2  
  144  12:03  Overlord x3  
  144  12:21  Extractor x2  
  142  12:27  Hydralisk x5  
  152  12:33  Ravager x4  
  152  12:34  Ravager  
  157  12:42  Hydralisk x2  
  161  12:45  Lurker  
  151  13:01  Hive  
  151  13:03  Zerg Melee Weapons Level 1  
  149  13:57  Hydralisk x5, Roach x4  
  167  14:08  Lurker  
  168  14:26  Overlord x5  
  142  14:59  Roach x6  
Show
View Real Time Build Order
Export as new Build Order

GetShwifty Protoss - Winner!

Build Orders: Forge Fast Expand (FFE) 

Get SALT Encoding   

  12  0:01  Probe (Chrono Boost)  
  13  0:11  Probe (Chrono Boost)  
  14  0:22  Probe (Chrono Boost)  
  15  0:29  Pylon  
  15  0:47  Probe (Chrono Boost)  
  16  0:50  Forge  
  16  0:58  Probe (Chrono Boost)  
  17  1:08  Probe (Chrono Boost)  
  18  1:15  Nexus  
  18  1:26  Gateway  
  18  1:38  Photon Cannon  
  18  1:40  Assimilator  
  18  1:45  Assimilator  
  18  1:51  Probe (Chrono Boost)  
  19  2:14  Cybernetics Core  
  19  2:16  Gateway  
  19  2:18  Probe (Chrono Boost)  
  19  2:22  Zealot  
  22  2:28  Probe (Chrono Boost)  
  22  2:29  Probe (Chrono Boost)  
  24  2:39  Probe x2 (Chrono Boost)  
  26  2:45  Protoss Ground Weapons Level 1  
  26  2:49  Probe (Chrono Boost)  
  27  2:55  Probe (Chrono Boost)  
  28  3:00  Probe (Chrono Boost)  
  29  3:05  Warp Gate  
  29  3:06  Gateway  
  29  3:12  Pylon  
  29  3:13  Probe (Chrono Boost)  
  29  3:14  Probe (Chrono Boost)  
  31  3:27  Assimilator  
  31  3:34  Gateway  
  31  3:38  Twilight Council  
  31  3:41  Probe (Chrono Boost)  
  33  3:48  Mothership Core (Chrono Boost)  
  34  3:52  Probe (Chrono Boost)  
  35  4:04  Probe (Chrono Boost)  
  35  4:07  Probe (Chrono Boost)  
  37  4:13  Pylon  
  37  4:16  Probe (Chrono Boost)  
  38  4:19  Pylon  
  38  4:22  Charge  
  38  4:24  Zealot  
  38  4:25  Zealot  
  38  4:26  Protoss Ground Weapons Level 2  
  42  4:33  Zealot  
  42  4:34  Zealot  
  46  4:44  Robotics Facility  
  46  5:15  Stalker  
  48  5:23  Photon Cannon  
  48  5:26  Pylon  
  48  5:29  Zealot x3  
  48  5:34  Gateway  
  48  5:35  Warp Prism  
  56  5:36  Gateway  
  46  5:59  Zealot x2  
  46  6:00  Zealot x2  
  54  6:06  Gateway  
  54  6:11  Templar Archives  
  54  6:22  Stalker x3  
  60  6:36  Zealot  
  62  6:55  Zealot x2  
  62  6:56  Zealot x2  
  64  7:21  Protoss Ground Weapons Level 3  
  52  7:27  Zealot x4  
  52  7:28  Psionic Storm, Zealot x2  
  50  7:40  High Templar  
  52  7:48  High Templar x3, Pylon  
  52  7:50  Photon Cannon  
  58  7:59  High Templar  
  60  8:12  High Templar  
  62  8:16  Zealot x2  
  62  8:17  Probe x2 (Chrono Boost), Assimilator  
  68  8:21  Zealot x2  
  72  8:28  Zealot  
  72  8:29  Probe x2 (Chrono Boost)  
  56  9:05  Zealot x4  
  56  9:06  Zealot x3  
  64  9:28  High Templar x3  
  64  9:29  Zealot  
  64  9:30  Zealot x3  
  78  9:45  Pylon  
  78  9:47  Pylon  
  78  9:49  Pylon  
  78  10:02  Nexus, Warp Prism  
  78  10:04  Zealot x3  
  78  10:06  High Templar  
  88  10:08  High Templar  
  88  10:12  Archon  
  76  10:34  Archon x2  
  52  10:55  Zealot x4  
  52  10:56  Zealot x3  
  66  11:09  Probe x2 (Chrono Boost), Pylon  
  66  11:10  Pylon  
  68  11:16  High Templar  
  68  11:17  High Templar x4  
  78  11:20  Zealot x2  
  78  11:21  Probe (Chrono Boost)  
  78  11:22  Probe (Chrono Boost), Archon  
  78  11:24  Archon  
  84  11:46  High Templar  
  86  11:48  Zealot  
  86  11:49  Zealot x3  
  86  11:50  Zealot  
  86  11:53  Probe (Chrono Boost)  
  86  11:54  Probe (Chrono Boost)  
  98  12:02  Protoss Ground Armor Level 1  
  98  12:07  Assimilator  
  98  12:09  High Templar x2  
  98  12:11  Assimilator  
  98  12:13  Zealot  
  104  12:40  Zealot  
  104  12:41  Zealot x4  
  108  13:07  Zealot x2  
  108  13:08  High Templar  
  108  13:09  High Templar x3  
  108  13:12  Zealot  
  118  13:13  Archon x2  
  118  13:25  Observer  
  119  13:29  Zealot x2  
  119  13:34  Gateway  
  118  13:46  Observer  
  119  14:03  Zealot x4  
  119  14:04  Zealot x3  
  133  14:29  Pylon  
  133  14:30  Pylon  
  133  14:31  Observer  
  133  14:32  Pylon  
  127  14:41  Zealot  
  127  14:42  Zealot x2  
  133  14:59  Zealot x4  
  135  15:02  Zealot x2  
  135  15:03  Zealot  
  137  15:14  Archon  
Tags
 
Add a new tag
Caveats
  • Supply blocks, unpowered buildings, or Contaminate may cause inaccurate times.
  • Supply counts are checked every 10 seconds.